 Dungeon Sprint DCSS version 0.31.0-11-ge490571c62 (webtiles) character file.

Game seed: 3925507204963787461

0 boopmooplesden the Covered (level 1, -4/18 HPs)
             Began as an Armataur Fighter on Feb 8, 2024.
             Was an Initiate of Trog.
             Killed from afar by a hell hound (22 damage)
             ... with a blast of flame
             ... in the Dungeon (Sprint V: "Ziggurat Sprint").
             The game lasted 00:00:48 (89 turns).

boopmooplesden the Covered (Armataur Fighter)         Turns: 89, Time: 00:00:49

Health: -4/18      AC: 24    Str: 21    XL:     1   Next: 8%
Magic:  1/1        EV: -2    Int:  8    God:    Trog [......]
Gold:   0          SH: 28    Dex: 21    Spells: 0/0 levels left

rFire   . . .        E - +11 Singing Sword {sonic wave}
rCold   . . .        D - +18 shield of the Gong {Loud rN+ Will+ rCorr EV-5}
rNeg    + . .        C - +15 Maxwell's patent armour {-Cast -Tele rElec Will+ rCorr}
rPois   .            (no helmet)
rElec   +            (no cloak)
rCorr   +            (no gloves)
SInv    .            (no barding)
Will    ++...        (no amulet) Stlth
                     w - +6 ring of dexterity
HPRegen 0.23/turn    x - +6 ring of dexterity
MPRegen 0.07/turn

%: no teleportation, no spellcasting, roll
@: no status effects
A: large, deformed body, tough skin 3, armoured tail, roll 1
a: Renounce Religion


You were in the Dungeon.
You worshipped Trog.
Trog was noncommittal.
You visited 1 branch

Inventory:

Hand Weapons
 a - a +0 long sword
 E - the +11 Singing Sword (weapon) {sonic wave}
   (You found it in the Dungeon)
Armour
 C - the +15 Maxwell's patent armour (worn) {-Cast -Tele rElec Will+ rCorr}
   (You found it in the Dungeon)

   rElec:     It insulates you from electricity.
   Will+:     It increases your willpower.
   -Cast:     It prevents spellcasting.
   -Tele:     It prevents most forms of teleportation.
   rCorr:     It protects you from acid and corrosion.
 D - the +18 shield of the Gong (worn) {Loud rN+ Will+ rCorr EV-5}
   (You found it in the Dungeon)

   Loud:      It is deafeningly noisy when blocking attacks.
   EV-5:      It affects your evasion (-5).
   rN+:       It protects you from negative energy.
   Will+:     It increases your willpower.
   rCorr:     It protects you from acid and corrosion.
Jewellery
 v - a ring of flight
 w - a +6 ring of dexterity (left hand)
 x - a +6 ring of dexterity (right hand)
 y - a +6 ring of intelligence
 z - a +6 ring of intelligence
 A - a +6 ring of strength
 B - a +6 ring of strength
Wands
 s - a wand of mindburst (7)
 t - a wand of iceblast (7)
 u - a wand of light (7)
Scrolls
 j - 4 scrolls of blinking
 o - 4 scrolls of amnesia
 p - 7 scrolls of fog
 q - 5 scrolls of identify
 r - 2 scrolls of fear
Potions
 d - 6 potions of might
 e - 10 potions of curing
 f - 10 potions of heal wounds
 g - 6 potions of haste
 h - 7 potions of magic
 i - 3 potions of berserk rage
 k - 2 potions of brilliance
 l - 2 potions of invisibility
 m - 4 potions of resistance
 n - a potion of experience


   Skills:
 + Level 2.8 Fighting
 + Level 1.8 Long Blades
 + Level 3.8 Armour
 + Level 3.4 Shields


You couldn't memorise any spells.
You didn't know any spells.
Your spell library was empty.

Dungeon Overview and Level Annotations

Branches:
Dungeon (1/1)

Altars:
Ashenzari
Cheibriados
Dithmenos
Elyvilon
Fedhas
Gozag
Hepliaklqana
Kikubaaqudgha
Makhleb
Nemelex Xobeh
Okawaru
Qazlal
Ru
Sif Muna
Trog
Uskayaw
Vehumet
Wu Jian
Xom
Yredelemnul
Zin
The Shining One
Jiyva
Lugonu

Annotations:
D 1 transporter


Innate Abilities, Weirdness & Mutations

Armour fits poorly on your strangely shaped body.
You have extremely tough skin. (AC +3)
You have a long armoured tail.
You regenerate magic when rolling toward enemies. (Rampage MPRegen)


Message History

You roll towards the hell hound!
You slash the hell hound!
The Singing Sword howls like a wolf.
You send a blast of sound all around you.
The hell hound is severely wounded.
You destroy the quokka skeleton!
Trog accepts your kill.
The hell hound is severely wounded.
You block the hell hound's attack.
GONNNNG!
The hell hound bites you. You block the hell hound's attack.
GONNNNG!
Unknown command.
You barely miss the hell hound.
The hell hound is severely wounded.
You block the hell hound's attack.
BONNNG!
You block the hell hound's attack.
BOUMMMMG!
You completely miss the hell hound.
Your tail-slap misses the hell hound.
The hell hound is severely wounded.
You block the hell hound's attack.
GONNNNG!
You block the hell hound's attack.
PTOANNNG!
You miss the hell hound.
The hell hound is severely wounded.
You block the hell hound's attack.
PTOANNNG!
You block the hell hound's attack.
GONNNNG!
You closely miss the hell hound.
The hell hound is severely wounded.
You block the hell hound's attack.
GONNNNG!
You block the hell hound's attack.
GONNNNG!
The hell hound breathes flames at you. The blast of flame hits you!!
Ouch! That really hurt!
You die...

▓▓▓▓▓▓▓
▓.8©8.▓
▓.....▓
▓.:.=.▓
▓..h..▓
▓..@..▓
▓..©..▓
▓▓▓▓▓▓▓


You could see a hell hound (catching breath).

Vanquished Creatures
  A quokka skeleton (D)
1 creature vanquished.

Notes
Turn   | Place    | Note
-------+----------+-------------------------------------------
     0 | D        | boopmooplesden the Armataur Fighter began the quest for the
                  | Orb.
     0 | D        | Reached XP level 1. HP: 18/18 MP: 1/1
     2 | D        | Found a blossoming altar of Fedhas.
     2 | D        | Found the +6 Majin-Bo {spellvamp, MP+6 Int+6}
     2 | D        | Found the +27 heavy crossbow "Sniper" {heavy, Acc+∞ SInv}
     2 | D        | Found the +10 dark maul {heavy}
     2 | D        | Found the +15 Maxwell's patent armour {-Cast -Tele rElec
                  | Will+ rCorr}
     2 | D        | Found the +18 shield of the Gong {Loud rN+ Will+ rCorr
                  | EV-5}
     2 | D        | Found the +16 obsidian axe {drain, demonic, Mesm ^Drain Fly
                  | SInv}
     2 | D        | Found the +7 great mace "Firestarter" {flame, immolate,
                  | rFlCloud rF++}
     2 | D        | Found the +6 shillelagh "Devastator" {shatter}
     2 | D        | Found the +11 plutonium sword {^Contam Stlth-}
     2 | D        | Found the +8 lance "Wyrmbane" {slay drac, rPois rF+ rC+
                  | AC+3}
     2 | D        | Found the +9 sword of Zonguldrok {reap}
     2 | D        | Found the +13 scythe of Curses {drain, curses, ^Drain}
     2 | D        | Found the +9 sword of Power {lifebolt}
     2 | D        | Found the +7 mace of Variability {chaos, chaos arc}
     2 | D        | Found the +11 Singing Sword {sonic wave}
     2 | D        | Found the +8 storm bow {elec, penet}
     3 | D        | Found a viscous altar of Jiyva.
     3 | D        | Found a hazy altar of Hepliaklqana.
     3 | D        | Found a transporter.
     3 | D        | Found an opulent altar of Gozag.
     3 | D        | Found an ancient bone altar of Kikubaaqudgha.
     3 | D        | Found a corrupted altar of Lugonu.
    12 | D        | Found a burning altar of Makhleb.
    13 | D        | Found a shimmering blue altar of Sif Muna.
    13 | D        | Found a sacrificial altar of Ru.
    13 | D        | Found a bloodstained altar of Trog.
    13 | D        | Found a stormy altar of Qazlal.
    13 | D        | Found an iron altar of Okawaru.
    13 | D        | Found a sparkling altar of Nemelex Xobeh.
    66 | D        | Became a worshipper of Trog the Wrathful
    84 | D        | Entered arena 2.
    84 | D        | Noticed a hell hound
    84 | D        | Found a transporter.
    89 | D        | Killed from afar by a hell hound

Illustrated notes

Levels and vault maps discovered:
D:        sprint_v [room_start, room_1, room_2, room_3, room_4, room_5, room_6,
          room_7, room_8, room_9, room_10, room_11, room_12, room_13, room_14,
          room_15, room_16, room_17, room_18, room_19, room_20, room_21,
          room_22, room_23, room_24, room_25, room_26, room_27]

Action                     || total
---------------------------++-------
  Melee: Double sword      ||     5
 Armour: Plate armour      ||     2
  Block: Kite shield       ||    10
